 Dungeon Crawl Stone Soup version 0.30-b1-2-g02819fbbbe (webtiles) character file.

Game seed: 1101560517372948294

29 Arcadio the Ducker (level 3, -1/27 HPs)
             Began as a Djinni Fire Elementalist on May 17, 2023.
             Slain by Sigmund
             ... wielding a +6 scythe of protection
              (4 damage)
             ... on level 2 of the Dungeon.
             The game lasted 00:02:04 (1521 turns).

Arcadio the Ducker (Djinni Fire Elementalist)       Turns: 1521, Time: 00:02:05

Health: -1/27      AC:  3    Str:  7    XL:     3   Next: 32%
Gold:   29         EV: 12    Int: 18    God:
                   SH:  0    Dex: 13

rFire   + + .        d - +0 whip (venom)
rCold   x . .        (no shield)
rNeg    . . .        a - +0 robe
rPois   ∞            (no helmet)
rElec   .            (no cloak)
rCorr   .            f - +0 pair of gloves
SInv    .            (boots unavailable)
Will    .....        (no amulet)
Stlth   ++           (no ring)
HPRegen 0.24/turn    (no ring)
MPRegen 0.00/turn

%: infuse magic (-2 HP)
@: flying, very slightly contaminated
A: sickness immunity, fire resistance 2, cold vulnerability 1, float, innate
caster, HP casting, extra vitality 1
a: no special abilities


You were on level 2 of the Dungeon.
You visited 1 branch of the dungeon, and saw 2 of its levels.

You collected 29 gold pieces.

Inventory:

Hand Weapons
 d - a +0 whip of venom (weapon)
Armour
 a - a +0 robe (worn)
 f - a +0 pair of gloves (worn)
Scrolls
 e - a scroll of vulnerability {unknown}
Potions
 b - a potion of haste {unknown}
 c - a potion of degeneration {unknown}
 g - a potion of curing {unknown}


   Skills:
 + Level 1.3 Fighting
 + Level 2.9 Dodging
 - Level 1.5 Stealth
 + Level 2.7 Spellcasting


You knew the following spells:

 Your Spells              Type           Power      Damage    Failure   Level
a - Foxfire               Conj/Fire      48%        2x1d6     5%          1
b - Scorch                Fire           24%        2d6       9%          2
c - Volatile Blastmotes   Fire/Tloc      24%        2d12      16%         3
d - Inner Flame           Hex/Fire       12%        N/A       16%         3
e - Flame Wave            Conj/Fire      12%        2d6       47%         4
f - Apportation           Tloc           24%        N/A       5%          1
Your spell library was empty.

Dungeon Overview and Level Annotations

Branches:
Dungeon (2/15) Zot: 10473

Altars:

Annotations:
D:2 Sigmund


Innate Abilities, Weirdness & Mutations

You are immune to sickness and miasma.
You are immune to poison.
Your flesh is very heat resistant. (rF++)
You are vulnerable to cold. (rC-)
You float through the air rather than walking.
You learn spells naturally, not from books.
Your magical power is your life essence.
You have superior vitality. (+4 MHP)


Message History

There is a stone staircase leading down here.
You start resting.
HP restored.
You start waiting.
You feel less confused.
You start waiting.
Done waiting.
You start waiting.
Done waiting.
You fly downwards.
Level annotation: Sigmund
There is a stone staircase leading up here.
Casting: Scorch (safe; 9% risk of failure)
Confirm with . or Enter, or press ? or * to list all spells.
Flames lash Sigmund but do no damage.
Sigmund screams, "Die, monster!"
Casting: Scorch (safe; 9% risk of failure)
Confirm with . or Enter, or press ? or * to list all spells.
Flames lash Sigmund.
Sigmund is moderately wounded.
Sigmund's fire resistance burns away.
Sigmund barely misses you.
Casting: Scorch (safe; 9% risk of failure)
Confirm with . or Enter, or press ? or * to list all spells.
Flames lash Sigmund.
Sigmund is burned terribly!
Sigmund is severely wounded.
Sigmund hits you with a +6 scythe of protection!
Ouch! That really hurt!
Casting: Scorch (safe; 9% risk of failure)
Confirm with . or Enter, or press ? or * to list all spells.
You miscast Scorch.
You are very lightly contaminated with residual magic.
Nothing appears to happen.
* * * LOW HITPOINT WARNING * * *
Casting: Scorch (safe; 9% risk of failure)
Confirm with . or Enter, or press ? or * to list all spells.
Flames lash Sigmund.
Sigmund is severely wounded.
* * * LOW HITPOINT WARNING * * *
Sigmund hits you with a +6 scythe of protection.
You die...

## ##. . ...
>###. #.#
..... ...
......#.#
.##...#.#
....(.@.#####
....#.#@....#
#....<###.#
#.....#
#.....#
#......
#....## ###.#
.. ...


You could see Sigmund (combustible).

Vanquished Creatures
  A ball python (D:1)
  2 bats (D:1)
  3 endoplasms (D:1)
  2 giant cockroaches (D:1)
  5 goblins (D:1)
  3 hobgoblins (D:1)
  A frilled lizard (D:1)
  4 kobolds
  3 rats (D:1)
24 creatures vanquished.

Vanquished Creatures (others)
  60 foxfires (D:1)
60 creatures vanquished.

Grand Total: 84 creatures vanquished

Notes
Turn   | Place    | Note
-------+----------+-------------------------------------------
     0 | D:1      | Arcadio the Djinni Fire Elementalist began the quest for
                  | the Orb.
     0 | D:1      | Arcadio set off with the following spells memorised:
                  | Foxfire, Scorch, Volatile Blastmotes, Inner Flame, Flame
                  | Wave.
     0 | D:1      | Reached XP level 1. HP: 15/15 MP: 0/0
    80 | D:1      | Reached XP level 2. HP: 15/22 MP: 0/0
   218 | D:1      | Reached skill level 1 in Fighting
   293 | D:1      | Reached XP level 3. HP: 25/27 MP: 0/0
   293 | D:1      | Learned a level 1 spell: Apportation
   660 | D:2      | Noticed Sigmund
  1521 | D:2      | Slain by Sigmund

Illustrated notes

Levels and vault maps discovered:
D:1:      dpeg_arrival_pits, layout_basic, hangedman_abyss_or_decor_lesser_grid,
          reono_crystal_passage, minmay_misc_feat_four_crosses,
          minmay_tromino_mix6
D:2:      layout_basic, corner_web_ring, guppyfry_early_orc_mine, uniq_sigmund,
          uniq_jessica

Skill      XL: |  1  2 |
---------------+-------+-----
Fighting       | 1 |  1.3
Dodging        | |  2.9
Stealth        | |  1.5
Spellcasting   | |  2.7

Action                     || total
---------------------------++-------
   Cast: Foxfire           ||    34
         Scorch            ||    11
 Armour: Robe              ||     5
  Dodge: Dodged            ||    26
